 Dungeon Crawl Stone Soup version 0.31-a0-188-g5e087ee2ca (webtiles) character file.

Game seed: 816208880552785862

960 qw the Skirmisher (level 7, -3/40 HPs)
             Began as a Deep Elf Hunter on June 23, 2023.
             Slain by Duvessa
             ... wielding a +0 short sword
              (9 damage)
             ... on level 5 of the Dungeon.
             The game lasted 00:01:29 (3747 turns).

qw the Skirmisher (Deep Elf Hunter)                 Turns: 3747, Time: 00:01:30

Health: -3/40      AC:  7    Str: 10    XL:     7   Next: 92%
Magic:  0/9        EV: 11    Int: 12    God:
Gold:   103        SH:  0    Dex: 16    Spells: 6/6 levels left

rFire   . . .        Y - +0 shortbow (freeze)
rCold   . . .        (shield currently unavailable)
rNeg    . . .        k - +0 ring mail
rPois   .            g - +0 helmet
rElec   .            (no cloak)
rCorr   .            (no gloves)
SInv    .            c - +0 pair of boots
Will    .....        i - amulet of guardian spirit
Stlth   +            (no ring)
HPRegen 0.26/turn    (no ring)
MPRegen 0.11/turn

%: clarity, guardian spirit
@: about to teleport
A: clarity, clumsy 1, dopey 1, devolution 1
a: no special abilities


You were on level 5 of the Dungeon.
You visited 1 branch of the dungeon, and saw 5 of its levels.

You collected 226 gold pieces.
You spent 123 gold pieces at shops.


Innate Abilities, Weirdness & Mutations

You possess an exceptional clarity of mind.
You are clumsy. (Dex -2)
You are dopey. (Int -2)
You have hidden genetic defects.


   Skills:
 - Level 2.8 Fighting
 + Level 11.8 Ranged Weapons
 - Level 1.2 Armour
 - Level 3.3 Dodging
 - Level 1.2 Stealth


You had 6 spell levels left.
You didn't know any spells.
Your spell library was empty.

Inventory:

Hand Weapons
 Y - a +0 shortbow of freezing (weapon)
Armour
 c - a +0 pair of boots (worn)
 g - a +0 helmet (worn)
 k - a +0 ring mail (worn)
Jewellery
 i - an amulet of guardian spirit (around neck)
Scrolls
 d - a scroll of identify
 e - a scroll of teleportation
 p - a scroll of revelation {unknown}
Potions
 a - a potion of mutation
 b - a potion of curing
 f - a potion of might
 h - a potion of enlightenment {unknown}
 j - a potion of magic {unknown}
 l - a potion of heal wounds {unknown}
 m - a potion of attraction {unknown}
 n - a potion of degeneration {unknown}
 o - a potion of haste {unknown}

Dungeon Overview and Level Annotations

Branches:
Dungeon (5/15)
 Temple: D:4-7

Altars:
Elyvilon
Kikubaaqudgha

Shops:
D:3 *

Annotations:
D:5 Duvessa


Message History

You shoot an arrow. The arrow closely misses Dowan.
You shoot an arrow. The arrow closely misses Dowan.
You shoot an arrow. The arrow hits Dowan.
The arrow freezes Dowan.
You kill Dowan!
You hear a distant scream of rage.
Things that are here:
a +0 dagger; a +0 robe; the elf corpse of Dowan You now have 103 gold pieces (gained 17).
Duvessa, Sister of Dowan comes into view.
She is wielding a +0 short sword.
Found 17 gold pieces.
Duvessa goes berserk!
Enter note: You shoot an arrow.
The arrow hits Duvessa but does no damage.
You shoot an arrow. The arrow closely misses Duvessa.
You hear a shout!
You shoot an arrow. The arrow hits Duvessa.
The arrow freezes Duvessa.
Duvessa is lightly wounded.
You shoot an arrow. The arrow hits Duvessa.
The arrow freezes Duvessa.
Duvessa is lightly wounded.
Duvessa hits you with a +0 short sword!
You shoot an arrow. The arrow barely misses Duvessa.
Duvessa barely misses you. Duvessa hits you with a +0 short sword.
You shoot an arrow. The arrow barely misses Duvessa.
Duvessa hits you with a +0 short sword.
You shoot an arrow. The arrow closely misses Duvessa.
Duvessa misses you.
You shoot an arrow. The arrow hits Duvessa!
The arrow freezes Duvessa.
Duvessa is moderately wounded.
Duvessa hits you with a +0 short sword. Duvessa misses you.
You shoot an arrow. The arrow hits Duvessa.
The arrow freezes Duvessa.
Duvessa is heavily wounded.
Duvessa hits you with a +0 short sword! Duvessa barely misses you.
3746 ||| READING 2 scrolls of teleportation.
As you read the scroll of teleportation, it crumbles to dust.
You feel strangely unstable. Duvessa hits you with a +0 short sword!
You shoot an arrow. The arrow hits Duvessa.
The arrow freezes Duvessa.
Duvessa is heavily wounded.
Duvessa hits you with a +0 short sword!
You die...

### #...#.#.# #
##.###..##.#.#
#.####.#........#.#
#.....###.#..####.#
####.## ##...#
##.###.#.####
##.#........
#..###..... #e@#
###### $........#
#####.....#
#.......#
#........#
..........#
..........##
#....#...##


You could see Duvessa (berserk).

Vanquished Creatures
  Grinder (D:3)
  An ice beast (D:4)
  A black bear (D:5)
  Dowan (D:5)
  An orc priest (D:3)
  2 jellies (D:4)
  4 hounds
  2 sleepcaps
  2 iguanas
  4 gnolls (D:3)
  12 adders
  2 worms (D:2)
  2 dart slugs (D:1)
  6 orcs
  5 endoplasms
  4 giant cockroaches
  9 goblins
  6 hobgoblins
  4 kobolds
  2 quokkas
  7 ball pythons
  6 bats
  4 frilled lizards
  4 rats
92 creatures vanquished.

Notes
Turn   | Place    | Note
-------+----------+-------------------------------------------
     0 | D:1      | qw the Deep Elf Hunter began the quest for the Orb.
     0 | D:1      | Reached XP level 1. HP: 12/12 MP: 3/3
     0 | D:1      | 0 ||| qw: Version: 0.3-a-9-g12657ce
     0 | D:1      | 0 ||| qw: Game counter: 3304
     0 | D:1      | 0 ||| qw: Always use a shield: true
     0 | D:1      | 0 ||| qw: God list: Okawaru
     0 | D:1      | 0 ||| qw: Allow faded altars: false
     0 | D:1      | 0 ||| qw: Do Orc after D:15 true
     0 | D:1      | 0 ||| qw: Do second Lair branch before Depths: true
     0 | D:1      | 0 ||| qw: Lair rune preference: random
     0 | D:1      | 0 ||| qw: Plans: Normal
     0 | D:1      | 0 ||| PLANNING D:1-11
    37 | D:1      | Found a faded altar of an unknown god.
   419 | D:1      | Reached XP level 2. HP: 16/16 MP: 4/4
   427 | D:1      | Reached skill level 6 in Ranged Weapons
   872 | D:1      | 872 ||| UPGRADING to +0 scale mail.
   882 | D:1      | 882 ||| DROPPING +0 leather armour.
   883 | D:1      | 883 ||| UPGRADING to amulet of guardian spirit.
   888 | D:1      | 888 ||| READING scroll labelled OFISTU QOGOSCHA.
   893 | D:1      | 893 ||| READING scroll labelled AGEADAYPSU.
   894 | D:1      | 894 ||| DRINKING 2 viscous emerald potions.
   895 | D:1      | 895 ||| DROPPING scroll of butterflies.
  1103 | D:2      | Reached XP level 3. HP: 20/20 MP: 5/5
  1126 | D:2      | HP: 5/20 [poisoned by an adder]
  1138 | D:2      | 1138 ||| FLEEEEING.
  1221 | D:2      | Reached skill level 7 in Ranged Weapons
  1225 | D:2      | HP: 5/20 [poisoned by a goblin]
  1229 | D:2      | HP: 2/20 [poisoned by a goblin]
  1606 | D:2      | 1606 ||| UPGRADING to +0 pair of boots.
  1611 | D:2      | 1611 ||| UPGRADING to +0 helmet.
  1616 | D:2      | 1616 ||| UPGRADING to +0 ring mail.
  1626 | D:2      | 1626 ||| DROPPING +0 scale mail.
  1627 | D:2      | 1627 ||| READING scroll labelled HIGIPS TALOG.
  1628 | D:2      | 1628 ||| READING scroll labelled DIDIAG MAUTS.
  1660 | D:3      | Reached XP level 4. HP: 25/25 MP: 6/6
  1717 | D:3      | Found an ancient bone altar of Kikubaaqudgha.
  1749 | D:3      | Noticed Grinder
  1753 | D:3      | Paralysed by Grinder for 3 turns
  1762 | D:3      | HP: 4/25 [Grinder (3)]
  1763 | D:3      | 1763 ||| READING scroll of teleportation.
  1893 | D:3      | 1893 ||| Stepping ~*~*~tactically~*~*~ (outnumbered).
  1953 | D:3      | Reached skill level 8 in Ranged Weapons
  2016 | D:3      | Reached XP level 5. HP: 29/29 MP: 7/7
  2205 | D:3      | Killed Grinder
  2206 | D:3      | Reached skill level 10 in Ranged Weapons
  2206 | D:3      | Reached XP level 6. HP: 13/34 MP: 4/8
  2322 | D:3      | 2322 ||| FLEEEEING.
  2330 | D:3      | 2330 ||| STAIRDANCE
  2344 | D:2      | 2344 ||| READING 2 scrolls labelled KISMIA NUOTA.
  2345 | D:2      | 2345 ||| READING scroll labelled LIATIO WUOMIFF.
  2346 | D:2      | 2346 ||| DROPPING scroll of blinking.
  2387 | D:3      | Found Jiseghosk's General Store.
  2401 | D:3      | 2401 ||| BUYING scroll of brand weapon (123 gold).
  2401 | D:3      | Bought a scroll of brand weapon for 123 gold pieces
  2401 | D:3      | 2401 ||| SHOPLISTING scroll of identify (26 gold, have 22).
  2401 | D:3      | 2401 ||| SHOPLISTING scroll of teleportation (39 gold, have
                  | 22).
  2401 | D:3      | 2401 ||| READING scroll of brand weapon.
  2401 | D:3      | 2401 ||| BRANDING +0 shortbow of draining.
  2614 | D:4      | Noticed an ice beast
  2624 | D:4      | Killed an ice beast
  2705 | D:4      | Reached skill level 1 in Armour
  2705 | D:4      | Reached XP level 7. HP: 40/40 MP: 9/9
  2781 | D:4      | Reached skill level 3 in Dodging
  3502 | D:4      | 3502 ||| DRINKING 2 white potions.
  3502 | D:4      | Gained mutation: You possess an exceptional clarity of
                  | mind. [potion of mutation]
  3502 | D:4      | Gained mutation: You are clumsy. (Dex -2) [potion of
                  | mutation]
  3502 | D:4      | Gained mutation: You have hidden genetic defects. [potion
                  | of mutation]
  3503 | D:4      | 3503 ||| DRINKING 2 inky potions.
  3556 | D:5      | Entered Level 5 of the Dungeon
  3563 | D:5      | Found a white marble altar of Elyvilon.
  3578 | D:5      | Reached skill level 11 in Ranged Weapons
  3588 | D:5      | 3588 ||| FLEEEEING.
  3589 | D:5      | 3589 ||| FLEEEEING.
  3590 | D:5      | 3590 ||| FLEEEEING.
  3591 | D:5      | 3591 ||| FLEEEEING.
  3592 | D:5      | 3592 ||| FLEEEEING.
  3625 | D:5      | Gained mutation: You are dopey. (Int -2) [hidden defects]
  3710 | D:5      | Noticed Dowan
  3717 | D:5      | Killed Dowan
  3736 | D:5      | Noticed Duvessa
  3745 | D:5      | HP: 10/40 [Duvessa/+0 short sword (8)]
  3746 | D:5      | 3746 ||| READING 2 scrolls of teleportation.
  3747 | D:5      | Slain by Duvessa

Levels and vault maps discovered:
D:1:      eino_arrival_cavern_e, layout_basic, ebering_ecumenical_altar_webs,
          minmay_bisected
D:2:      layout_basic, minmay_misc_feat_iff
D:3:      layout_loops_ring, lemuel_doored_altar, serial_shops, shop,
          minmay_box_of_dots, uniq_grinder
D:4:      minmay_evil_eye, layout_basic, serial_aquarium, aquarium_bridge_square
          [aquarium_subvault_wall, aquarium_subvault_bridge,
          aquarium_subvault_balcony, aquarium_subvault_balcony],
          aquarium_bridge_square [aquarium_subvault_window,
          aquarium_subvault_wall, aquarium_subvault_bridge,
          aquarium_subvault_bridge], aquarium_window_fake, aquarium_window_3,
          aquarium_window_1, aquarium_view_2g
D:5:      layout_loops_ring, mainiacjoe_overflow_chevrons, uniq_ijyb,
          uniq_duvessa, uniq_eustachio

Skill      XL: |  1  2  3  4  5  6  7 |
---------------+----------------------+-----
Ranged Weapons | 6 7 8 10 11 | 11.8
Fighting       | 2 |  2.8
Armour         | 1 |  1.2
Dodging        | 3 |  3.3
Stealth        | |  1.2

Action                     |  1- 3 |  4- 6 |  7- 9 || total
---------------------------+-------+-------+-------++-------
   Fire: Shortbow          |   111 |   130 |   108 ||   349
    Use: Scroll            |     4 |     4 |     1 ||     9
         Potion            |     1 |       |     2 ||     3
 Armour: Leather armour    |     5 |       |       ||     5
         Scale mail        |    29 |       |       ||    29
         Ring mail         |       |    25 |    21 ||    46
  Dodge: Dodged            |    29 |    44 |    26 ||    99

Table legend:
 A = Non-vault XP
 B = Vault XP
 C = Vault XP percentage of total XP
 D = Non-vault monster count
 E = Vault monster count
 F = Vault count percentage of total count
                 A         B        C        D         E       F
            +---------+---------+-------+---------+---------+-------
      Total |     832 |     540 |  39.4 |      79 |      13 |  14.1
            +---------+---------+-------+---------+---------+-------
        D:1 |      20 |       4 |  16.7 |      12 |       1 |   7.7
        D:2 |      61 |       0 |   0.0 |      20 |       0 |   0.0
        D:3 |     177 |     285 |  61.7 |      22 |       5 |  18.5
        D:4 |     328 |     182 |  35.7 |      21 |       6 |  22.2
        D:5 |     246 |      69 |  21.9 |       4 |       1 |  20.0
            +---------+---------+-------+---------+---------+-------
